 Dungeon Crawl Stone Soup version 0.31-a0-795-g5eb97db20b (webtiles) character file.

Game seed: 5621084342503611176

58 demibob the Poker (level 4, -1/35 HPs)
             Began as a Merfolk Chaos Knight on Sept 18, 2023.
             Was a Plaything of Xom.
             Slain by a faun (glowing shapeshifter) (20 damage)
             ... on level 2 of the Dungeon.
             The game lasted 00:01:45 (862 turns).

demibob the Poker (Merfolk Chaos Knight)             Turns: 862, Time: 00:01:47

Health: -1/35      AC:  6    Str: 12    XL:     4   Next: 1%
Magic:  4/4        EV: 12    Int: 11    God:    Xom [*.....]
Gold:   35         SH:  0    Dex: 15    Spells: 3/3 levels left

rFire   . . .        a - +0 spear (chaos)
rCold   . . .        (no shield)
rNeg    . . .        b - +3 leather armour
rPois   .            (no helmet)
rElec   .            (no cloak)
rCorr   .            (no gloves)
SInv    .            (no boots)
Will    .....        (no amulet)
Stlth   +            (no ring)
HPRegen 0.25/turn    (no ring)
MPRegen 0.09/turn

%: no passive effects
@: mighty
A: (nimble swimmer 2), mertail
a: Renounce Religion


You were on level 2 of the Dungeon.
You worshipped Xom.
You were a special plaything of Xom.
You visited 1 branch of the dungeon, and saw 2 of its levels.

You collected 35 gold pieces.


Innate Abilities, Weirdness & Mutations

((You are very nimble when in or above water. (Stealth+, EV+, Speed+++)))
Your lower body shifts to a powerful aquatic tail in water.


   Skills:
 - Level 3.2 Fighting
 + Level 6.3 Polearms
 - Level 0.6 Armour
 - Level 2.6 Dodging


You had 3 spell levels left.
You didn't know any spells.
Your spell library was empty.

Inventory:

Hand Weapons
 a - a +0 spear of chaos (weapon)
Armour
 b - a +3 leather armour (worn)
Scrolls
 c - a scroll of butterflies
Potions
 f - a potion of brilliance
 h - a potion of enlightenment

Dungeon Overview and Level Annotations

Branches:
Dungeon (2/15)

Altars:

Shops:
D:1

=? ###...........#.
....[†............ .%
.....###########.##.####
...........#####.......
...........##.........
...........##.......# .
...........##.......##..
...........##...........
...........##...@.......
...........#....c.......
...........#............
.......#####............
.......######...........
#+##..........####......
..............# ......
..............# ...###
..............# ##+#


You could see a faun shaped shifter (very poisoned).


Message History

The elephant closely misses you.
The elephant trunk-slaps you but does no damage.
You hit the elephant but do no damage.
The elephant changes into a faun!
You hit the faun.
The faun is lightly wounded.
You puncture the faun!
The faun's magic leaks into the air.
The faun is moderately wounded. "First here, now there."
Found a serpent talisman.
The faun misses you.
You puncture the faun! You burn the faun.
The faun is heavily wounded.
The faun misses you.
You barely miss the faun.
The faun is heavily wounded.
The faun closely misses you.
You closely miss the faun.
The faun is heavily wounded.
The faun's magic is no longer disrupted.
You closely miss the faun.
The faun is heavily wounded.
The faun hits you!
You puncture the faun! You burn the faun.
The faun is severely wounded.
The faun barely misses you.
You puncture the faun!
The faun is poisoned.
The faun is almost dead.
The faun hits you!!
Ouch! That really hurt!
You die...
Xom howls with laughter!

Skill      XL: |  1  2  3 |
---------------+----------+-----
Polearms       | 5 6 |  6.3
Fighting       | |  3.2
Armour         | |  0.6
Dodging        | |  2.6

Action                     |  1- 3 |  4- 6 || total
---------------------------+-------+-------++-------
  Melee: Spear             |   111 |    21 ||   132
         Punch             |     2 |       ||     2
    Use: Scroll            |     4 |       ||     4
         Potion            |       |     1 ||     1
   Stab: Sleeping          |     2 |       ||     2
         Petrified         |       |     2 ||     2
 Armour: Leather armour    |    33 |     6 ||    39
  Dodge: Dodged            |    44 |     6 ||    50

Levels and vault maps discovered:
D:1:      wander_arrival_abandoned_jail, layout_basic, serial_shops,
          nicolae_shop_behind_doors, shapermc_ecumenical_altar_mp_vishouse,
          nicolae_nh_oracle_at_delphi
D:2:      layout_basic, st_stairs_10, uniq_jessica

Notes
Turn   | Place    | Note
-------+----------+-------------------------------------------
     0 | D:1      | demibob the Merfolk Chaos Knight began the quest for the
                  | Orb.
     0 | D:1      | Reached XP level 1. HP: 18/18 MP: 1/1
     6 | D:1      | XOM: silly message
    95 | D:1      | Found Ylimianuuv's Jewellery Shoppe.
   175 | D:1      | XOM: potion effect (brilliance)
   185 | D:1      | Reached XP level 2. HP: 24/24 MP: 2/2
   253 | D:1      | Reached skill level 5 in Polearms
   302 | D:1      | XOM: silly message
   451 | D:1      | Found The Oracle's Delphic Readings.
   461 | D:1      | Reached XP level 3. HP: 29/29 MP: 3/3
   494 | D:1      | Found a faded altar of an unknown god.
   601 | D:1      | XOM: noise
   662 | D:1      | XOM: noise
   772 | D:2      | Reached skill level 6 in Polearms
   813 | D:2      | Reached XP level 4. HP: 35/35 MP: 4/4
   850 | D:2      | a worm changed into a glowing shapeshifter
   850 | D:2      | Noticed a glowing shapeshifter (glowing shapeshifter)
   850 | D:2      | a glowing shapeshifter changed into an elephant
   850 | D:2      | Noticed an elephant (glowing shapeshifter)
   854 | D:2      | an elephant changed into a faun
   854 | D:2      | Noticed a faun (glowing shapeshifter)
   856 | D:2      | XOM: swap monsters
   862 | D:2      | Slain by a faun (glowing shapeshifter)

Vanquished Creatures
  2 adders (D:2)
  2 dart slugs
  4 endoplasms
  A giant cockroach (D:1)
  3 goblins
  3 hobgoblins
  2 jackals (D:1)
  2 kobolds
  A quokka (D:1)
  5 ball pythons (D:1)
  3 bats (D:1)
  4 frilled lizards
  3 rats
35 creatures vanquished.

Table legend: (Time is in decaauts)
 A = Elapsed time spent in this place.
 B = Non-inter-level travel time spent in this place.
 C = Inter-level travel time spent in this place.
 D = Time resting spent in this place.
 E = Time spent auto-exploring this place.
 F = Levels seen in this place.
 G = Mean time per level.
                   A        B        C        D        E       F      G
               +--------+--------+--------+--------+--------+-----+--------+
         Total |    839 |    827 |     12 |      0 |    621 |   2 |  419.5 |
       Dungeon |    839 |    827 |     12 |      0 |    621 |   2 |  419.5 |
               +--------+--------+--------+--------+--------+-----+--------+

Top non-repeatable levels by time:
     D:1: 727 daAuts
     D:2: 112 daAuts

Table legend:
 A = Non-vault XP
 B = Vault XP
 C = Vault XP percentage of total XP
 D = Non-vault monster count
 E = Vault monster count
 F = Vault count percentage of total count
                 A         B        C        D         E       F
            +---------+---------+-------+---------+---------+-------
      Total |      79 |       4 |   4.8 |      33 |       2 |   5.7
            +---------+---------+-------+---------+---------+-------
        D:1 |      41 |       4 |   8.9 |      24 |       2 |   7.7
        D:2 |      38 |       0 |   0.0 |       9 |       0 |   0.0
            +---------+---------+-------+---------+---------+-------
